3A
YORK REVOLUTION @ GRIM REAPERS
09/05/2033
 
TOP OF THE 1ST
York Revolution batting - Pitching for Grim Reapers : RHP Archie Hodges
Pitching: RHP Archie Hodges
Batting: RHB Rich Stevens 0-0: Called Strike
0-1: Foul Ball, location: 2F
0-2: Ground out 5-3 (Groundball, 5)
Batting: SHB Eric Thomas 0-0: Called Strike
0-1: Foul Ball, location: 2F
0-2: Fly out, F3 (Line Drive, 34S)
Batting: RHB John Clark 0-0: Swinging Strike
0-1: Ball
1-1: Foul Ball, location: 2F
1-2: Ground out 5-3 (Groundball, 56)
Top of the 1st over - 0 runs, 0 hits, 0 errors, 0 left on base; York 0 - Grim 0
BOTTOM OF THE 1ST
Grim Reapers batting - Pitching for York Revolution : RHP Gary Wilson
Pitching: RHP Gary Wilson
Batting: RHB Tso-i Wang 0-0: Called Strike
0-1: Called Strike
0-2: Strikes out looking
Batting: RHB Bearooz Yacoobi 0-0: Ground out 6-3 (Groundball, 6)
Batting: RHB Scotty Glenn 0-0: Foul Ball, location: 2F
0-1: Swinging Strike
0-2: Ball
1-2: Hit by Pitch
Batting: RHB Huai-yi Yang 0-0: Called Strike
0-1: Ball
1-1: Ball
Scotty Glenn steals 2nd base
2-1: Foul Ball, location: 2F
2-2: Fly out, F6 (Line Drive, 6)
Bottom of the 1st over - 0 runs, 0 hits, 0 errors, 1 left on base; York 0 - Grim 0
TOP OF THE 2ND
York Revolution batting - Pitching for Grim Reapers : RHP Archie Hodges
Batting: RHB Lawrence Stokes 0-0: Called Strike
0-1: Called Strike
0-2: Ball
1-2: Foul Ball, location: 2F
1-2: Strikes out looking
Batting: RHB Vaughn White 0-0: DOUBLE (Line Drive, 7LD)
Batting: RHB Albert Seals 0-0: Called Strike
0-1: Swinging Strike
0-2: Ball
1-2: Strikes out swinging
Batting: RHB Juan Mateo 0-0: Ball
1-0: Called Strike
1-1: Foul Ball, location: 2F
1-2: Foul Ball, location: 2F
1-2: Fly out, F8 (Flyball, 8LM)
Top of the 2nd over - 0 runs, 1 hit, 0 errors, 1 left on base; York 0 - Grim 0
BOTTOM OF THE 2ND
Grim Reapers batting - Pitching for York Revolution : RHP Gary Wilson
Batting: LHB Semo Hoaloha 0-0: DOUBLE (Line Drive, 89D)
Batting: SHB Tekkan Hayagawa 0-0: Foul Ball, location: 2F
0-1: Foul Ball, location: 2F
0-2: Ball
1-2: Foul Ball, location: 2F
1-2: Strikes out looking
Batting: RHB Tsuneari Hirano 0-0: Foul Ball, location: 2F
0-1: Foul Ball, location: 2F
0-2: Strikes out swinging
Batting: RHB Fraser Albrecht 0-0: Ball
1-0: Ball
2-0: Called Strike
2-1: Foul Ball, location: 2F
2-2: 2-RUN HOME RUN (Flyball, 7LD), Distance : 343 ft
Batting: SHB Guo-liang Ye 0-0: Called Strike
0-1: Ball
1-1: Ball
2-1: Swinging Strike
2-2: Foul Ball, location: 2F
2-2: Foul Ball, location: 2F
2-2: Foul Ball, location: 2F
2-2: DOUBLE (Line Drive, 9LM)
Batting: RHB Tso-i Wang 0-0: Called Strike
0-1: Foul Ball, location: 2F
0-2: Ball
1-2: Foul Ball, location: 2F
1-2: Ball
2-2: Foul Ball, location: 2F
2-2: SINGLE (Groundball, 4MD)
Guo-liang Ye to third
Runner from 3rd tries for Home, SAFE, no throw
Batting: RHB Bearooz Yacoobi 0-0: Ball
Tso-i Wang steals 2nd base
1-0: Foul Ball, location: 2F
1-1: Ball
2-1: Foul Ball, location: 2F
2-2: Ball
3-2: Foul Ball, location: 2F
3-2: Strikes out swinging
Bottom of the 2nd over - 3 runs, 4 hits, 0 errors, 1 left on base; York 0 - Grim 3
TOP OF THE 3RD
York Revolution batting - Pitching for Grim Reapers : RHP Archie Hodges
Batting: RHB Tome Uso 0-0: Ball
1-0: Swinging Strike
1-1: Foul Ball, location: 2F
1-2: Foul Ball, location: 2F
1-2: Strikes out swinging
Batting: SHB Lee Byrum 0-0: Called Strike
0-1: Ball
1-1: Fly out, F7 (Line Drive, 78M)
Batting: RHB Rich Stevens 0-0: Foul Ball, location: 2F
0-1: Swinging Strike
0-2: Ball
1-2: Ball
2-2: Foul Ball, location: 2F
2-2: Foul Ball, location: 2F
2-2: Ball
3-2: Foul Ball, location: 2F
3-2: Foul Ball, location: 2F
3-2: Base on Balls
Batting: SHB Eric Thomas 0-0: Ball
1-0: Ground out 4-3 (Groundball, 4)
Top of the 3rd over - 0 runs, 0 hits, 0 errors, 1 left on base; York 0 - Grim 3
BOTTOM OF THE 3RD
Grim Reapers batting - Pitching for York Revolution : RHP Gary Wilson
Batting: RHB Scotty Glenn 0-0: Called Strike
0-1: Swinging Strike
0-2: Foul Ball, location: 2F
0-2: Ball
1-2: Ball
2-2: Foul Ball, location: 2F
2-2: Strikes out swinging
Batting: RHB Huai-yi Yang 0-0: Ball
1-0: Foul Ball, location: 2F
1-1: Fly out, F6 (Line Drive, 6MD)
Batting: LHB Semo Hoaloha 0-0: Fly out, F9 (Flyball, 9LS)
Bottom of the 3rd over - 0 runs, 0 hits, 0 errors, 0 left on base; York 0 - Grim 3
TOP OF THE 4TH
York Revolution batting - Pitching for Grim Reapers : RHP Archie Hodges
Batting: RHB John Clark 0-0: Ball
1-0: Ball
2-0: Ball
3-0: Base on Balls
Batting: RHB Lawrence Stokes 0-0: Ball
1-0: Ball
2-0: Ball
3-0: Called Strike
3-1: Called Strike
3-2: Base on Balls
John Clark to second
Batting: RHB Vaughn White 0-0: Ball
1-0: Swinging Strike
1-1: Swinging Strike
1-2: Ball
2-2: Foul Ball, location: 2F
2-2: Foul Ball, location: 2F
2-2: Ball
3-2: DOUBLE (Line Drive, 8RD)
John Clark scores
Lawrence Stokes to third
Batting: RHB Albert Seals 0-0: Ball
1-0: Foul Ball, location: 2F
1-1: Ball
2-1: SINGLE (Line Drive, 34)
Lawrence Stokes scores
Vaughn White to third
Batting: RHB Juan Mateo 0-0: Fly out, F3 (Popup, 3SF)
Batting: RHB Tome Uso 0-0: Called Strike
0-1: Foul Ball, location: 2F
0-2: Ball
1-2: Foul Ball, location: 2F
1-2: Ball
2-2: Foul Ball, location: 2F
2-2: Fly out, F9 (Flyball, 9S)
Runner from 3rd tags up, SCORES, throw made
Batting: SHB Lee Byrum 0-0: Ball
1-0: SINGLE (Groundball, 3) (infield hit)
Albert Seals to second
Batting: RHB Rich Stevens 0-0: Ball
1-0: Foul Ball, location: 2F
1-1: Single, Error in OF, E8, batter to second base
Albert Seals scores
Lee Byrum to third
Batting: SHB Eric Thomas 0-0: Ball
1-0: Foul Ball, location: 2F
1-1: Ball
2-1: Ground out 4-3 (Groundball, 4)
Top of the 4th over - 4 runs, 4 hits, 1 error, 2 left on base; York 4 - Grim 3
BOTTOM OF THE 4TH
Grim Reapers batting - Pitching for York Revolution : RHP Gary Wilson
Batting: SHB Tekkan Hayagawa 0-0: Called Strike
0-1: Ball
1-1: Fly out, F4 (Line Drive, 4)
Batting: RHB Tsuneari Hirano 0-0: Ball
1-0: SINGLE (Groundball, 4MD)
Batting: RHB Fraser Albrecht 0-0: Ball
1-0: SINGLE (Line Drive, 7LS)
Tsuneari Hirano to second
Batting: SHB Guo-liang Ye 0-0: Ball
1-0: Ball
2-0: Called Strike
2-1: Ball
3-1: Foul Ball, location: 2F
3-2: Grounds into double play, 4-6-3 (Groundball, 4)
Bottom of the 4th over - 0 runs, 2 hits, 0 errors, 1 left on base; York 4 - Grim 3
TOP OF THE 5TH
York Revolution batting - Pitching for Grim Reapers : RHP Archie Hodges
Batting: RHB John Clark 0-0: Ball
1-0: Called Strike
1-1: Ball
2-1: Foul Ball, location: 2F
2-2: Ball
3-2: Base on Balls
Pitching: RHP César Morales
Batting: RHB Lawrence Stokes 0-0: Called Strike
0-1: Ball
1-1: Foul Ball, location: 2F
1-2: Strikes out swinging
Batting: RHB Vaughn White 0-0: Ball
Wild Pitch!
John Clark to second
1-0: Called Strike
1-1: Foul Ball, location: 2F
1-2: Ball
2-2: Strikes out looking
Batting: RHB Albert Seals 0-0: DOUBLE (Line Drive, 7LM)
John Clark scores
Batting: RHB Juan Mateo 0-0: Foul Ball, location: 2F
0-1: Foul Ball, location: 2F
0-2: Strikes out swinging
Top of the 5th over - 1 run, 1 hit, 0 errors, 1 left on base; York 5 - Grim 3
BOTTOM OF THE 5TH
Grim Reapers batting - Pitching for York Revolution : RHP Gary Wilson
Batting: RHB Tso-i Wang 0-0: Ball
1-0: Ball
2-0: Ball
3-0: Called Strike
3-1: Called Strike
3-2: Fly out, F5 (Popup, 15S)
Batting: RHB Bearooz Yacoobi 0-0: Ball
1-0: Swinging Strike
1-1: SINGLE (Flyball, 7S)
Batting: RHB Scotty Glenn 0-0: Ball
1-0: Called Strike
1-1: SINGLE (Flyball, 8RS)
Bearooz Yacoobi to second
Batting: RHB Huai-yi Yang 0-0: Fly out, F6 (Line Drive, 6)
Batting: LHB Semo Hoaloha 0-0: Called Strike
0-1: Ball
1-1: Swinging Strike
1-2: Strikes out swinging
Bottom of the 5th over - 0 runs, 2 hits, 0 errors, 2 left on base; York 5 - Grim 3
TOP OF THE 6TH
York Revolution batting - Pitching for Grim Reapers : RHP César Morales
Batting: RHB Tome Uso 0-0: Called Strike
0-1: Foul Ball, location: 2F
0-2: Strikes out swinging
Batting: SHB Lee Byrum 0-0: Foul Ball, location: 2F
0-1: Swinging Strike
0-2: Foul Ball, location: 2F
0-2: Ball
1-2: Strikes out swinging
Batting: RHB Rich Stevens 0-0: Ball
1-0: Ball
2-0: SINGLE (Groundball, 56D)
Batting: SHB Eric Thomas 0-0: Called Strike
0-1: Foul Ball, location: 2F
0-2: Foul Ball, location: 2F
0-2: Ball
1-2: Ground out 4-3 (Groundball, 4)
Top of the 6th over - 0 runs, 1 hit, 0 errors, 1 left on base; York 5 - Grim 3
BOTTOM OF THE 6TH
Grim Reapers batting - Pitching for York Revolution : RHP Gary Wilson
Batting: SHB Tekkan Hayagawa 0-0: Ball
1-0: Ball
2-0: Foul Ball, location: 2F
2-1: Swinging Strike
2-2: Foul Ball, location: 2F
2-2: Strikes out swinging
Batting: RHB Tsuneari Hirano 0-0: Ball
1-0: Foul Ball, location: 2F
1-1: Foul Ball, location: 2F
1-2: Ball
2-2: Ball
3-2: Strikes out looking
Batting: RHB Fraser Albrecht 0-0: Called Strike
0-1: Ball
1-1: Called Strike
1-2: Fly out, F6 (Line Drive, 6M)
Bottom of the 6th over - 0 runs, 0 hits, 0 errors, 0 left on base; York 5 - Grim 3
TOP OF THE 7TH
York Revolution batting - Pitching for Grim Reapers : RHP César Morales
Batting: RHB John Clark 0-0: Ground out 5-3 (Groundball, 56)
Batting: RHB Lawrence Stokes 0-0: Ball
1-0: Ball
2-0: Ball
3-0: Base on Balls
Batting: RHB Vaughn White 0-0: Called Strike
0-1: Ball
1-1: Grounds into double play, 6-4-3 (Groundball, 6)
Top of the 7th over - 0 runs, 0 hits, 0 errors, 0 left on base; York 5 - Grim 3
BOTTOM OF THE 7TH
Grim Reapers batting - Pitching for York Revolution : RHP Gary Wilson
Batting: SHB Guo-liang Ye 0-0: Ball
1-0: Called Strike
1-1: Reached on error, E4 (Groundball, 4)
Batting: RHB Tso-i Wang 0-0: Called Strike
0-1: Swinging Strike
0-2: Ball
1-2: Foul Ball, location: 2F
1-2: Strikes out swinging
Batting: RHB Bearooz Yacoobi 0-0: Ball
1-0: Ball
2-0: Ball
3-0: Called Strike
3-1: Called Strike
3-2: SINGLE (Line Drive, 56D)
Guo-liang Ye to second
Pitching: RHP Júlio Justiniano
Pinch Hitting: RHB Juan Guzmán 0-0: Called Strike
0-1: Grounds into double play, 5-4-3 (Groundball, 56)
Bottom of the 7th over - 0 runs, 1 hit, 1 error, 1 left on base; York 5 - Grim 3
TOP OF THE 8TH
York Revolution batting - Pitching for Grim Reapers : RHP César Morales
Now in CF: Brandon Palmer
Batting: RHB Albert Seals 0-0: Foul Ball, location: 2F
0-1: Ball
1-1: Foul Ball, location: 2F
1-2: Foul Ball, location: 2F
1-2: Ball
2-2: Strikes out swinging
Batting: RHB Juan Mateo 0-0: Fly out, F7 (Flyball, 7)
Batting: RHB Tome Uso 0-0: Called Strike
0-1: Ball
1-1: Foul Ball, location: 2F
1-2: Ball
2-2: Ball
3-2: Ground out 6-3 (Groundball, 6)
Top of the 8th over - 0 runs, 0 hits, 0 errors, 0 left on base; York 5 - Grim 3
BOTTOM OF THE 8TH
Grim Reapers batting - Pitching for York Revolution : RHP Júlio Justiniano
Batting: RHB Huai-yi Yang 0-0: Ball
1-0: Called Strike
1-1: Foul Ball, location: 2F
1-2: Foul Ball, location: 2F
1-2: SINGLE (Groundball, 6D)
Batting: LHB Semo Hoaloha 0-0: Ball
1-0: Ground out 4-3 (Groundball, 3D)
Huai-yi Yang to second
Batting: SHB Tekkan Hayagawa 0-0: Ball
1-0: Foul Ball, location: 2F
1-1: Ball
2-1: Foul Ball, location: 2F
2-2: DOUBLE (Line Drive, 9LS)
Huai-yi Yang scores
Batting: RHB Tsuneari Hirano 0-0: Swinging Strike
0-1: Swinging Strike
0-2: Strikes out swinging, 2-3 out at first.
Batting: RHB Fraser Albrecht 0-0: Called Strike
0-1: Ball
1-1: Ground out 6-3 (Groundball, 56)
Bottom of the 8th over - 1 run, 2 hits, 0 errors, 1 left on base; York 5 - Grim 4
TOP OF THE 9TH
York Revolution batting - Pitching for Grim Reapers : RHP César Morales
Batting: SHB Lee Byrum 0-0: Foul Ball, location: 2F
0-1: Ball
1-1: Swinging Strike
1-2: Strikes out looking
Batting: RHB Rich Stevens 0-0: Ball
1-0: Ball
2-0: Foul Ball, location: 2F
2-1: Called Strike
2-2: SOLO HOME RUN (Flyball, 9LD), Distance : 336 ft
Batting: SHB Eric Thomas 0-0: Called Strike
0-1: Ball
1-1: Foul Ball, location: 2F
1-2: Strikes out swinging
Batting: RHB John Clark 0-0: Ball
1-0: Ball
2-0: Swinging Strike
2-1: Ball
3-1: Base on Balls
Batting: RHB Lawrence Stokes 0-0: Swinging Strike
0-1: Ball
Passed Ball!
John Clark to second
1-1: Called Strike
1-2: Foul Ball, location: 2F
1-2: Strikes out swinging
Top of the 9th over - 1 run, 1 hit, 0 errors, 1 left on base; York 6 - Grim 4
BOTTOM OF THE 9TH
Grim Reapers batting - Pitching for York Revolution : RHP Júlio Justiniano
Pitching: RHP Pedro Huerta
Batting: SHB Guo-liang Ye 0-0: Ball
1-0: Called Strike
1-1: Ball
2-1: Ball
3-1: Base on Balls
Batting: RHB Tso-i Wang 0-0: Swinging Strike
0-1: Called Strike
0-2: Strikes out swinging
Batting: RHB Bearooz Yacoobi 0-0: Foul Ball, location: 2F
0-1: Fly out, F8 (Flyball, 8RM)
Batting: RHB Brandon Palmer 0-0: Called Strike
0-1: Ball
1-1: Foul Ball, location: 2F
1-2: Ball
2-2: Strikes out swinging
Bottom of the 9th over - 0 runs, 0 hits, 0 errors, 1 left on base; York 6 - Grim 4
Saturday, December 22nd, 2018 - OOTP Baseball 18.8 Build 76